 Dungeon Crawl Stone Soup version 0.22.0-38-g04b72b8c25 (webtiles) character file.

72 Morbidden the Grave Robber (level 4, -6/30 HPs)
             Began as a Demonspawn Necromancer on Aug 29, 2018.
             Was an Initiate of Cheibriados.
             Mangled by a gnoll
             ... wielding a +0 halberd
              (13 damage)
             ... on level 2 of the Dungeon.
             The game lasted 00:08:13 (2073 turns).

Morbidden the Grave Robber (Demonspawn Necromancer) Turns: 2073, Time: 00:08:14

Health: -6/30      AC:  3    Str: 10    XL:     4   Next: 6%
Magic:  1/7        EV: 12    Int: 18    God:    Cheibriados [......]
Gold:   87         SH:  0    Dex: 14    Spells: 3/7 levels left

rFire    . . .     SeeInvis .   o - -3 dagger (curse)
rCold    . . .     Gourm    .   (no shield)
rNeg     . . .     Faith    .   a - +0 robe
rPois    .         Spirit   .   (no helmet)
rElec    .         Reflect  .   (no cloak)
rCorr    .         Harm     .   (no gloves)
MR       .....                  i - +0 pair of boots
Stlth    ++........             (no amulet)
HPRegen  0.10/turn              (no ring)
MPRegen  0.10/turn              (no ring)

@: very slow
A: powered by death 2
a: Bend Time, Renounce Religion


You were on level 2 of the Dungeon.
You worshipped Cheibriados.
Cheibriados was noncommittal.
You were not hungry.

You visited 1 branch of the dungeon, and saw 2 of its levels.

You collected 87 gold pieces.

Inventory:

Hand Weapons
 o - a cursed -3 dagger (weapon)
Armour
 a - a +0 robe (worn)
 g - a cursed +0 large shield
 h - a +0 plate armour
 i - a +0 pair of boots (worn)
Scrolls
 b - 4 scrolls of identify {unknown}
 d - a scroll of enchant armour {unknown}
 e - a scroll of teleportation {unknown}
Potions
 f - a potion of berserk rage {unknown}
 j - a potion of cancellation
 k - 2 potions of haste {unknown}
 l - a potion of curing {unknown}
 n - a potion of degeneration {unknown}
Comestibles
 c - 4 rations


   Skills:
 - Level 1.7 Dodging
 - Level 1.7 Stealth
 - Level 2.0 Spellcasting
 + Level 6.2 Necromancy


You had 3 spell levels left.
You knew the following spells:

 Your Spells              Type           Power        Failure   Level  Hunger
a - Pain                  Necr           ###.         1%          1    #......
b - Vampiric Draining     Necr           ###.......   4%          3    ###....

Your spell library contained the following spells:

 Spells                   Type           Power        Failure   Level  Hunger
 Animate Skeleton         Necr           N/A          1%          1    #......
 Regeneration             Chrm/Necr      ##........   16%         3    ###....
 Animate Dead             Necr           N/A          14%         4    #####..


Dungeon Overview and Level Annotations

Branches:
Dungeon (2/15)

Altars:
Cheibriados
Kikubaaqudgha
Makhleb
Nemelex Xobeh
Ru
Uskayaw
Yredelemnul


Innate Abilities, Weirdness & Mutations

You regenerate health from kills.


Message History

The gnoll hits you from afar with a spear.
* * * LOW HITPOINT WARNING * * *
Unknown command.
Unknown command.
Casting: Pain (safe; 1% risk of failure)
Confirm with . or Enter, or press ? or * to list all spells.
Aiming: Pain (safe; 1% risk of failure)
Press: ? - help, Shift-Dir - straight line, f/p - gnoll
Aim: a gnoll, wielding a spear (severely wounded, chance to defeat MR: 87%)
The gnoll writhes in agony!
You kill the gnoll!
Cheibriados appreciates the change of pace.
You have reached level 4!
You feel clever.
Unknown command.
Unknown command.
You are too injured to fight recklessly!
It was a potion of cancellation.
You feel magically purged. The gnoll hits you with a halberd!
You die...

#######.# #...... ######......#
### ##.####. #........♣♣♣♣
...###§♣♣P#.# ♣.♣ #....#♣.P.♣♣
♣♣.PP§§§♣.PP♣♣♣. #.....♣..PP#
♣.♣♣♣♣§♣♣♣♣....♣
#.......♣.##.##♣.P♣♣♣..♣P♣.♣♣.♣
##.####.P#+.!g'#..♣....♣..♣..P.
##.♣# ##g....♣.P♣♣♣.P♣♣♣ #.
♣.P.♣###@♣.♣.♣..♣♣P.P8... #.
#..♣.♣...♣♣..♣..P........
###.#####.♣♣.♣P...P♣.P♣...8.⌠.8.
#..........♣..♣.♣♣÷.PPP.♣......P
#.#..#..§...♣.♣.♣.♣♣♣P.♣♣.P.8P♣.
#........♣.♣♣.♣.♣..♣P♣..♣.♣P♣♣.♣
...#..§PP§...♣....♣..PP♣..♣....
.. ##.♣.§♣P♣..♣...PP♣..♣♣♣..♣♣♣
###.##P..♣..♣.#.♣..♣♣.#P♣..##


You could see a gnoll.

Vanquished Creatures
  A gnoll (D:2)
  A worm (D:2)
  2 dart slugs (D:1)
  3 leopard geckos
  2 giant cockroaches
  3 goblins
  8 hobgoblins
  8 kobolds
  4 quokkas (D:2)
  12 bats
  5 frilled lizards
  3 rats
52 creatures vanquished.

Notes
Turn   | Place    | Note
-------+----------+-------------------------------------------
     0 | D:1      | Morbidden the Demonspawn Necromancer began the quest for the Orb.
     0 | D:1      | Reached XP level 1. HP: 13/13 MP: 3/3
   202 | D:1      | Gained mutation: You regenerate a little health from kills. [demonic ancestry]
   202 | D:1      | Reached XP level 2. HP: 4/19 MP: 5/5
   205 | D:1      | Reached skill level 5 in Necromancy
   980 | D:1      | Gained mutation: You regenerate health from kills. [demonic ancestry]
   980 | D:1      | Reached XP level 3. HP: 11/24 MP: 0/6
  1298 | D:2      | Learned a level 3 spell: Vampiric Draining
  1523 | D:2      | Found a basalt altar of Yredelemnul.
  1524 | D:2      | Found a sparkling altar of Nemelex Xobeh.
  1524 | D:2      | Found a hide-covered altar of Uskayaw.
  1526 | D:2      | Found a snail-covered altar of Cheibriados.
  1526 | D:2      | Found a burning altar of Makhleb.
  1528 | D:2      | Found an ancient bone altar of Kikubaaqudgha.
  1529 | D:2      | Found a sacrificial altar of Ru.
  1542 | D:2      | Became a worshipper of Cheibriados the Contemplative
  1692 | D:2      | Reached skill level 6 in Necromancy
  2071 | D:2      | Reached XP level 4. HP: 8/30 MP: 1/7
  2073 | D:2      | Mangled by a gnoll

Skill      XL: |  1  2  3 |
---------------+----------+-----
Necromancy     | 5 6 |  6.2
Dodging        | |  1.7
Stealth        | |  1.7
Spellcasting   | |  2.0

Action                   |  1- 3 |  4- 6 || total
-------------------------+-------+-------++-------
Melee: Unarmed           |    55 |       ||    55
 Cast: Pain              |    92 |     1 ||    93
       Vampiric Draining |     2 |       ||     2
  Use: Potion            |       |     1 ||     1
  Eat: Chunk             |     6 |       ||     6
Armor: Robe              |    24 |       ||    24
Dodge: Dodged            |    77 |       ||    77
